 Dungeon Crawl Stone Soup version 0.29-a0-414-g5075937ec3 (webtiles) character file.

Game seed: 9472864814881004261

4412 jlumianski the Cleaver (level 10, -2/76 HPs)
             Began as a Demonspawn Fighter on May 14, 2022.
             Slain by a six-headed hydra (5 damage)
             ... on level 8 of the Dungeon on May 15, 2022.
             The game lasted 00:49:27 (10132 turns).

jlumianski the Cleaver (Demonspawn Fighter)        Turns: 10132, Time: 00:49:29

Health: -2/76      AC: 18    Str: 21    XL:     10   Next: 14%
Magic:  10/10      EV:  8    Int: 10    God:
Gold:   315        SH: 12    Dex: 12    Spells: 9/9 levels left

rFire   . . .      SeeInvis +   W - +4 hand axe (flame)
rCold   . . .      Faith    .   i - +2 buckler
rNeg    . . .      Spirit   .   z - +0 chain mail
rPois   .          Reflect  +   (helmet restricted)
rElec   .          Harm     .   N - +1 cloak of the Bull {Slay+3}
rCorr   .          Rampage  .   M - +0 pair of gloves
Will    .....                   D - +1 pair of boots
Stlth   ..........              L - amulet of reflection
HPRegen 0.22/turn               d - ring of see invisible
MPRegen 0.12/turn               f - +4 ring of slaying

@: mighty
A: antennae 1, slimy green scales 2, powered by death 3, powered by pain 1
a: no special abilities


You were on level 8 of the Dungeon.
You visited 2 branches of the dungeon, and saw 9 of its levels.
You also visited: Sewer and Ossuary.

You collected 469 gold pieces.
You spent 154 gold pieces at shops.

Inventory:

Hand Weapons
 a - a +1 war axe
 y - a +1 whip of electrocution
 B - a +2 falchion of freezing
 C - a +4 mace
 W - a +4 hand axe of flaming (weapon)
Missiles
 h - 222 stones (quivered)
 r - 12 poisoned darts
 u - a curare-tipped dart
 E - a throwing net
 H - 5 boomerangs
 X - 2 silver javelins
Armour
 b - a +0 scale mail
 c - a +0 buckler
 i - a +2 buckler (worn)
 s - a +2 cloak
 z - a +0 chain mail (worn)
 D - a +1 pair of boots (worn)
 K - a +0 helmet
 M - a +0 pair of gloves (worn)
 N - the +1 cloak of the Bull (worn) {Slay+3}
   (You found it on level 6 of the Dungeon)

   Slay:      It affects your accuracy & damage with ranged weapons and melee
   (+3).
 O - a scarf of resistance
Jewellery
 d - a ring of see invisible (left hand)
 f - a +4 ring of slaying (right hand)
 n - a ring of see invisible
 J - an amulet of regeneration
 L - an amulet of reflection (around neck)
 U - a +4 ring of evasion
Wands
 v - a wand of polymorph (4)
 S - a wand of iceblast (11)
 T - a wand of flame (13)
Scrolls
 e - 4 scrolls of teleportation
 A - 2 scrolls of enchant weapon
 G - a scroll of vulnerability
 P - a scroll of poison
 Q - a scroll of amnesia {unknown}
 R - 2 scrolls of noise
 V - a scroll of immolation {unknown}
Potions
 g - 5 potions of mutation
 j - 3 potions of heal wounds
 k - 4 potions of ambrosia
 l - a potion of curing
 m - 4 potions of brilliance
 o - a potion of resistance
 p - 2 potions of lignification
 q - a potion of degeneration
 t - a potion of magic {unknown}
 w - 3 potions of invisibility
 x - a potion of haste
 F - 3 potions of might


   Skills:
 + Level 6.0 Fighting
 + Level 10.2 Axes
 + Level 0.6 Throwing
 + Level 5.6 Armour
 + Level 2.8 Dodging
 + Level 0.6 Stealth
 + Level 5.4 Shields


You had 9 spell levels left.
You didn't know any spells.
Your spell library contained the following spells:

 Spells                   Type           Power      Damage    Failure   Level
 Animate Skeleton         Necr           0%         N/A       99%         1
 Apportation              Tloc           0%         N/A       99%         1
 Summon Small Mammal      Summ           0%         N/A       99%         1
 Corpse Rot               Necr/Air       0%         N/A       99%         2
 Poisonous Vapours        Pois/Air       0%         N/A       99%         2


Dungeon Overview and Level Annotations

Branches:
Dungeon (8/15)             Temple (1/1) D:5           Sewer (visited)
Ossuary (visited)
   Lair: D:8-11

Altars:
Ashenzari
Cheibriados
Dithmenos
Elyvilon
Fedhas
Gozag
Hepliaklqana
Kikubaaqudgha
Makhleb
Nemelex Xobeh
Okawaru
Ru
Sif Muna
Trog
Uskayaw
Vehumet
Wu Jian
Xom
Yredelemnul
Zin
The Shining One

Shops:
D:5 (*!=[   D:7 :


Innate Abilities, Weirdness & Mutations

You have a pair of small antennae on your head.
You are mostly covered in slimy green scales. (AC +3)
You regenerate a lot of health from kills.
You sometimes gain a little power by taking damage.


Message History

You block the eight-headed hydra's attack.
The eight-headed hydra bites you but does no damage.
You block the eight-headed hydra's attack. x2
The eight-headed hydra completely misses you.
The eight-headed hydra bites you.
You block the eight-headed hydra's attack.
The eight-headed hydra bites you.
You slice one of the eight-headed hydra's heads off!
The flame cauterises the wound!
You hit the seven-headed hydra. You burn the seven-headed hydra.
The seven-headed hydra is lightly wounded.
You feel very mighty all of a sudden.
The seven-headed hydra bites you but does no damage.
The seven-headed hydra bites you!
You block the seven-headed hydra's attack.
The seven-headed hydra closely misses you.
The seven-headed hydra bites you.
The seven-headed hydra bites you but does no damage.
You block the seven-headed hydra's attack.
You completely miss the seven-headed hydra.
The seven-headed hydra is lightly wounded.
The seven-headed hydra bites you but does no damage.
You block the seven-headed hydra's attack.
The seven-headed hydra bites you! x2
* * * LOW HITPOINT WARNING * * *
The seven-headed hydra bites you but does no damage. x2
You block the seven-headed hydra's attack.
You chop one of the seven-headed hydra's heads off!
The flame cauterises the wound!
You slice the six-headed hydra!! You burn the six-headed hydra.
The six-headed hydra is heavily wounded.
The six-headed hydra bites you.
* * * LOW HITPOINT WARNING * * *
The six-headed hydra bites you but does no damage.
The six-headed hydra bites you.
* * * LOW HITPOINT WARNING * * *
The six-headed hydra bites you!
* * * LOW HITPOINT WARNING * * *
The six-headed hydra bites you.
You die...

######.#..##..###.........)....#.
.......#..##....###......#.####.#
#####..#..##.##.###......#.# #.#
#..#...................# #.#
#####..##.#####.###......### ..#
........#................# ###
.####...#######..####...##
#............# #####
#..#.......)@#########
##..#.######.D........# . ....#.#
##.)..####. ..[###.#[# ###.##
...##....# #.# .........# #.#
..###...##########D#############
##>###.....)[...........!....
###.###.#######.......###### #


You could see a six-headed hydra.

Vanquished Creatures
  Grinder (Sewer)
  3 yaks (D:8)
  2 steam dragons
  2 ice beasts
  2 sky beasts
  An orc warrior (D:8)
  5 ogres
  3 black bears
  3 phantoms
  A kobold brigand (Sewer)
  2 bullfrogs
  2 necrophages
  2 elf zombies (Ossuary)
  A gnoll sergeant (D:7)
  4 scorpions
  A wight (Sewer)
  2 howler monkeys
  3 centaur zombies (Ossuary)
  A hound (D:5)
  2 jellies
  5 orc priests
  2 gnoll shamans
  Natasha (twice) (D:2 D:1)
  6 iguanas
  5 orc wizards
  2 mummies (Ossuary)
  Robin (D:2)
  12 adders
  17 gnolls
  2 shadow imps (Sewer)
  2 white imps
  2 ufetubi
  2 adder zombies (Ossuary)
  3 worms
  6 dart slugs
  36 orcs
  10 bats
  3 bat zombies (Sewer)
  11 endoplasms
  6 giant cockroaches
  14 goblins
  7 hobgoblins
  8 jackals
  15 kobolds
  4 quokkas
  9 ball pythons
  10 frilled lizards
  A giant cockroach zombie (Sewer)
  8 hobgoblin zombies (Ossuary)
  A jackal zombie (Ossuary)
  11 kobold zombies
  7 orc zombies (Ossuary)
  9 rats
  4 rat zombies (Ossuary)
286 creatures vanquished.

Vanquished Creatures (others)
  12 plants (D:2)
12 creatures vanquished.

Grand Total: 298 creatures vanquished

Notes
Turn   | Place    | Note
-------+----------+-------------------------------------------
     0 | D:1      | jlumianski the Demonspawn Fighter began the quest for the
                  | Orb.
     0 | D:1      | Reached XP level 1. HP: 18/18 MP: 1/1
   419 | D:1      | Reached skill level 2 in Axes
   419 | D:1      | Gained mutation: You have a pair of small antennae on your
                  | head. [demonic ancestry]
   419 | D:1      | Reached XP level 2. HP: 24/24 MP: 2/2
   465 | D:2      | Found a faded altar of an unknown god.
   671 | D:1      | Reached skill level 1 in Dodging
  1399 | D:2      | Noticed Natasha
  1404 | D:2      | Gained mutation: You sometimes gain a little power by
                  | taking damage. [demonic ancestry]
  1404 | D:2      | Reached XP level 3. HP: 29/29 MP: 3/3
  1416 | D:2      | Killed Natasha
  1740 | D:2      | Gained mutation: You are partially covered in slimy green
                  | scales. (AC +2) [demonic ancestry]
  1740 | D:2      | Reached XP level 4. HP: 31/35 MP: 4/4
  1794 | D:2      | Noticed Robin
  1808 | D:2      | Reached skill level 3 in Axes
  1812 | D:2      | Killed Robin
  1816 | D:2      | Noticed Natasha
  2067 | D:1      | Killed Natasha
  2455 | D:2      | Gained mutation: You regenerate a little health from kills.
                  | [demonic ancestry]
  2455 | D:2      | Reached XP level 5. HP: 36/41 MP: 5/5
  3204 | D:3      | Found a glowing drain.
  3208 | Sewer    | Entered a sewer
  3217 | Sewer    | Reached skill level 4 in Axes
  3432 | Sewer    | Found an ancient bone altar of Kikubaaqudgha.
  3449 | Sewer    | Gained mutation: You regenerate health from kills. [demonic
                  | ancestry]
  3449 | Sewer    | Reached XP level 6. HP: 26/47 MP: 6/6
  3568 | Sewer    | Noticed Grinder
  3578 | Sewer    | Killed Grinder
  3579 | Sewer    | Reached skill level 5 in Axes
  3579 | Sewer    | Gained mutation: You regenerate a lot of health from kills.
                  | [demonic ancestry]
  3579 | Sewer    | Reached XP level 7. HP: 18/53 MP: 7/7
  4985 | D:4      | Reached skill level 6 in Axes
  5365 | D:4      | Reached XP level 8. HP: 55/60 MP: 8/8
  5533 | D:4      | Found a sand-covered staircase.
  5541 | Ossuary  | Entered an ossuary
  5646 | Ossuary  | Reached skill level 7 in Axes
  5905 | D:4      | Reached skill level 5 in Fighting
  6039 | D:5      | Entered Level 5 of the Dungeon
  6058 | D:5      | Found a staircase to the Ecumenical Temple.
  6081 | Temple   | Entered the Ecumenical Temple
  6312 | D:5      | Found Ziocace's Armour Emporium.
  6416 | D:5      | Reached skill level 8 in Axes
  6524 | D:5      | Gained mutation: You are mostly covered in slimy green
                  | scales. (AC +3) [demonic ancestry]
  6524 | D:5      | Reached XP level 9. HP: 68/68 MP: 9/9
  6631 | D:5      | Found Gil Sely's Weapon Emporium.
  6697 | D:5      | Found Zasogekk's Distillery.
  6706 | D:5      | Bought 2 potions of heal wounds for 130 gold pieces
  6799 | D:5      | Found Qiexeun's Jewellery Shop.
  7118 | D:5      | Found Winleoll's General Store.
  7123 | D:5      | Bought a scroll of identify for 24 gold pieces
  7491 | D:6      | Reached skill level 9 in Axes
  7603 | D:6      | Identified the +1 cloak of the Bull {Slay+3}
  7654 | D:6      | Reached skill level 5 in Armour
  7708 | D:6      | Noticed a two-headed ogre
  8073 | D:8      | Reached skill level 5 in Shields
  8350 | D:7      | Found Cel Delo's Book Shop.
  8889 | D:7      | Reached skill level 10 in Axes
  9344 | D:8      | Reached XP level 10. HP: 68/76 MP: 10/10
  9814 | D:8      | Noticed a four-headed hydra
  9825 | D:8      | Upgraded the game from 0.29-a0-409-gd843f3a48c to
                  | 0.29-a0-414-g5075937ec3
 10132 | D:8      | HP: 3/76 [six-headed hydra (7)]
 10132 | D:8      | Slain by a six-headed hydra

Illustrated notes

Levels and vault maps discovered:
D:1:      scummos_arrival_simple_crosswalls, layout_basic
D:2:      layout_basic, shapermc_ecumenical_altar_starsandcircs,
          minmay_lizard_king, uniq_natasha, uniq_robin
D:3:      layout_loops_corners, gup_sewer_entry_spiral
D:4:      layout_gridville, nicolae_ossuary_entry_plus
D:5:      minmay_skewed_foursquare, layout_basic, minmay_temple_entry_hall,
          serial_shops, nicolae_shop_hallway_plus, kennysheep_little_box,
          nicolae_lakefront_shop, nicolae_shop_crystal, nicolae_stop_n_shop_2
D:6:      layout_rooms, st_stairs_5, chequers_arboretum, kennysheep_nub,
          lightli_corner_chamber, uniq_grinder
D:7:      layout_loops_cross, serial_shops, nicolae_stop_n_shop_2
D:8:      layout_loops_ring, serial_shops, nicolae_square_shop,
          hangedman_decor_growths, kennysheep_generic_room_14
Temple:   minmay_crystal_snake_temple

Skill      XL: |  1  2  3  4  5  6  7  8  9 10 |
---------------+-------------------------------+-----
Axes           | 2 3 4 5 6 8 10 | 10.2
Dodging        | 1 2 |  2.8
Shields        | 3 4 5 |  5.4
Armour         | 3 4 5 |  5.6
Fighting       | 4 5 6 |  6.0
Throwing       | |  0.6
Stealth        | |  0.6

Action                   |  1- 3 |  4- 6 |  7- 9 | 10-12 || total
-------------------------+-------+-------+-------+-------++-------
Melee: War axe           |    90 |   224 |   427 |    52 ||   793
       Hand axe          |       |       |       |     4 ||     4
Throw: Stone             |    34 |     4 |       |       ||    38
  Use: Potion            |       |     4 |     3 |     2 ||     9
       Scroll            |       |     1 |    11 |     1 ||    13
Armor: Scale mail        |    42 |   142 |    18 |       ||   202
       Skin              |       |     2 |       |       ||     2
       Chain mail        |       |       |   227 |    41 ||   268
Dodge: Dodged            |    38 |   124 |   149 |    23 ||   334
Block: Buckler           |    31 |    84 |   202 |    41 ||   358

Table legend: (Time is in decaauts)
 A = Elapsed time spent in this place.
 B = Non-inter-level travel time spent in this place.
 C = Inter-level travel time spent in this place.
 D = Time resting spent in this place.
 E = Time spent auto-exploring this place.
 F = Levels seen in this place.
 G = Mean time per level.
                   A        B        C        D        E       F      G
               +--------+--------+--------+--------+--------+-----+--------+
         Total |  10365 |  10173 |    192 |   1644 |   4676 |  11 |  942.3 |
       Dungeon |   8956 |   8764 |    192 |   1328 |   4475 |   8 | 1119.5 |
        Temple |    202 |    202 |      0 |      0 |    143 |   1 |  202.0 |
         Sewer |    847 |    847 |      0 |    316 |     55 |   1 |  847.0 |
       Ossuary |    359 |    359 |      0 |      0 |      3 |   1 |  359.0 |
               +--------+--------+--------+--------+--------+-----+--------+

Top non-repeatable levels by time:
     D:1: 2079 daAuts
     D:7: 1543 daAuts
     D:3: 1204 daAuts
     D:5: 1083 daAuts
     D:4: 908 daAuts
   Sewer: 847 daAuts
     D:2: 842 daAuts
     D:6: 653 daAuts
     D:8: 640 daAuts
 Ossuary: 359 daAuts
  Temple: 202 daAuts
